 Dungeon Sprint DCSS version 0.19.0-11-g3fc08b3 (webtiles) character file.

41 equalderp2856 the Fighter (level 3, -6/23 HPs)
             Began as a Felid Fighter on Nov 9, 2016.
             Mangled by a slime creature (22 damage)
             ... in the Dungeon (Sprint IX: "|||||||||||||||||||||||||||||").
             The game lasted 00:01:06 (116 turns).

equalderp2856 the Fighter (Felid Fighter)            Turns: 116, Time: 00:01:07

Health: -6/23      AC:  1    Str: 13    XL:     3   Next: 32%
Magic:  4/4        EV: 19    Int:  9    God:
Gold:   0          SH:  0    Dex: 15    Spells: 0 memorised, 2 levels left
                                        Lives:  0   Deaths: 1

rFire  . . .     SeeInvis +       - Unarmed
rCold  . . .     Gourm    .     (armour unavailable)
rNeg   . . .     Faith    .     (shield unavailable)
rPois  .         Spirit   .     (helmet unavailable)
rElec  .         Reflect  .     (cloak unavailable)
rCorr  .         Harm     .     (gloves unavailable)
MR     .....     NoTele   +     (boots unavailable)
Stlth  ++........               (no amulet)
                                (no ring)
                                (no ring)

@: quick
A: no armour, no weapons or thrown items, stealth, claws 1, fangs 3, see
invisible, carnivore 3, speed 1, shaggy fur 1, slow metabolism 1, sharp paws
a: no special abilities


You were in the Dungeon.
You were not hungry.

You visited 1 branch

Inventory:

Scrolls
 h - a scroll of blinking
Potions
 a - a potion of might
 e - a potion of haste
 f - 2 potions of magic
 g - a potion of berserk rage
Comestibles
 b - a meat ration


   Skills:
 * Level 9.1 Fighting
 - Level 4.0 Dodging
 - Level 4.0 Unarmed Combat


You had 2 spell levels left.
You didn't know any spells.

Dungeon Overview and Level Annotations

Branches:
Dungeon (1/1)

Altars:


Innate Abilities, Weirdness & Mutations

You cannot wear armour.
You are incapable of wielding weapons or throwing items.
Your paws allow you to move quietly. (Stealth)
You have sharp claws.
You have razor-sharp teeth.
You have supernaturally acute eyesight. (SInv)
You are carnivorous and can eat meat at any time.
You cover ground quickly.
You are covered in fur. (AC +1)
You have a slow metabolism.
Your sharp claws are effective at attacking unaware monsters.


Message History

The orc warrior is moderately wounded.
The orc warrior barely misses you.
The shadow slips into darkness.
The shadow flickers and vanishes for a moment.
You claw the orc warrior!
You bite the orc warrior, but do no damage.
The orc warrior is heavily wounded.
You claw the slime creature!
The slime creature is lightly wounded.
You claw the slime creature! You bite the slime creature.
The slime creature is moderately wounded.
The slime creature hits you!
You scratch the slime creature.
The slime creature is moderately wounded.
The slime creature misses you.
You barely miss the slime creature.
The slime creature is moderately wounded.
The slime creature hits you!!
Ouch! That really hurt!
You die...

▓.▓
▓.▓.▓
▓Z▓.▓
▓Y▓.▓
▓W▓.▓
▓o▓.▓
▓o▓.▓
▓J▓.▓
▓@▓.▓
▓...▓
▓▓▓▓▓


You could see a slime creature, a yak, 2 orc warriors, a shadow (invisible) and
an adder zombie.

Vanquished Creatures
  An ogre (D)
  An adder skeleton (D)
  2 bats (D)
  A goblin (D)
  A kobold (D)
  A frilled lizard (D)
7 creatures vanquished.

Notes
Turn   | Place    | Note
-------+----------+-------------------------------------------
     0 | D        | equalderp2856 the Felid Fighter began the quest for the Orb.
     0 | D        | Reached XP level 1. HP: 10/10 MP: 2/2
     8 | D        | Reached skill level 4 in Fighting
    18 | D        | Noticed an ogre
    18 | D        | Noticed a phantom
    23 | D        | Reached skill level 5 in Fighting
    23 | D        | Reached XP level 2. HP: 16/16 MP: 3/3
    40 | D        | Killed an ogre
    40 | D        | Reached skill level 9 in Fighting
    40 | D        | Reached XP level 3. HP: 6/23 MP: 4/4
    40 | D        | Reached XP level 4. HP: 7/27 MP: 5/5
    44 | D        | HP: 1/27 [frilled lizard (1)]
    46 | D        | Slain by a phantom
    47 | D        | Reached XP level 3. HP: 0/23 MP: 4/4
   110 | D        | Noticed a yak
   110 | D        | Noticed a shadow
   110 | D        | Noticed an orc warrior
   110 | D        | Noticed a slime creature
   110 | D        | Noticed an orc warrior
   116 | D        | Mangled by a slime creature

Skill      XL: |  1  2 |
---------------+-------+-----
Fighting       | 5 9 |  9.1
Dodging        | |  4.0
Unarmed Combat | |  4.0

Action                   |  1- 3 |  4- 6 || total
-------------------------+-------+-------++-------
Melee: Unarmed           |    27 |     5 ||    32
       Bite              |     6 |     2 ||     8
       Punch             |     1 |       ||     1
  Use: Potion            |     1 |     1 ||     2
Dodge: Dodged            |    23 |     9 ||    32
